[gd_scene load_steps=9 format=2]

[ext_resource path="res://Scripts/AI/SoldierSMG.gd" type="Script" id=1]
[ext_resource path="res://Assets/Audio/body_hit.wav" type="AudioStream" id=2]
[ext_resource path="res://Scenes/Health.tscn" type="PackedScene" id=3]
[ext_resource path="res://Assets/topdown-shooter/PNG/Soldier 1/soldier1_gun.png" type="Texture" id=4]
[ext_resource path="res://Scripts/AI/AI.gd" type="Script" id=5]
[ext_resource path="res://Scenes/Weapons/SMG.tscn" type="PackedScene" id=6]

[sub_resource type="RectangleShape2D" id=1]
extents = Vector2( 24.0629, 21.7531 )

[sub_resource type="CircleShape2D" id=2]
radius = 128.25

[node name="SoldierSMG" type="KinematicBody2D" groups=[
"enemy",
]]
script = ExtResource( 1 )

[node name="CollisionShape2D" type="CollisionShape2D" parent="."]
shape = SubResource( 1 )

[node name="Sprite" type="Sprite" parent="."]
texture = ExtResource( 4 )

[node name="Health" parent="." instance=ExtResource( 3 )]
health = 50

[node name="AI" type="Node2D" parent="."]
script = ExtResource( 5 )

[node name="PlayerDetectionZone" type="Area2D" parent="AI"]

[node name="CollisionPolygon2D" type="CollisionPolygon2D" parent="AI/PlayerDetectionZone"]
polygon = PoolVector2Array( 0, 0, 256, -128, 320, 0, 256, 128 )

[node name="CollisionShape2D" type="CollisionShape2D" parent="AI/PlayerDetectionZone"]
shape = SubResource( 2 )

[node name="SMG" parent="." instance=ExtResource( 6 )]
position = Vector2( 22.8213, 9.36874 )

[node name="HitAudio" type="AudioStreamPlayer2D" parent="."]
stream = ExtResource( 2 )

[connection signal="body_entered" from="AI/PlayerDetectionZone" to="AI" method="_on_PlayerDetectionZone_body_entered"]
